AoeStats
← Racha

Arabia

509539658Analyzed
1v1 RM · 4d ago on Sep 27, 2026· 30m 55s· 2 players
Game mode
Random Map
Map size
Tiny (2 player)
Population
200
Speed
Normal
Resources
Standard
Victory
Conquest
Starting age
Dark Age
Ending age
Imperial Age
RankedLock teamsTeams togetherTeam positionsShared explorationLock speedFull tech treeHidden civsTurbo modeCheats
Victory
Defeat
🇵🇪 Romans · Peru
1328
+16
🇲🇽 Mongols · Mexico
1328
-16
Racha
5:49 Loom
8:59 Feudal Age
9:13 Man-at-Arms
14:00 Double-Bit Axe
15:31 Horse Collar
15:52 Fletching
22:59 Castle Age
21:06 Gold Mining
21:53 Scale Barding Armor
22:19 Forging
22:10 Scale Mail Armor
22:24 Forging
22:55 Scale Barding Armor
24:05 Wheelbarrow
23:54 Squires
23:15 Long Swordsman
24:39 Chain Mail Armor
25:51 Bow Saw
27:47 Iron Casting
manuelarturo1997
5:35 Loom
7:42 Feudal Age
18:59 Fletching
27:27 Castle Age
25:44 Padded Archer Armor
26:20 Double-Bit Axe
27:29 Crossbowman
Connection lost

Rejoining the realm…

Still unreachable

The connection could not be restored.

Session expired

The server has moved on; the page needs a fresh start.